[Event "4th Tata Steel India Blitz Women 2022"]
[Site "Kolkota"]
[Date "2022.12.03"]
[Round "4.2"]
[White "Muzychuk, Anna"]
[Black "Vaishali, Rameshbabu"]
[Result "1-0"]
[ECO "B66"]
[WhiteElo "2525"]
[BlackElo "2454"]
[Annotator "TA"]
[PlyCount "101"]
[EventDate "2022.11.29"]
[EventType "tourn"]
[EventCountry "IND"]
[SourceTitle "playchess.com"]
[Source "ChessBase"]
[SourceQuality "1"]
[TimeControl "180+2"]

1. e4 c5 2. Nf3 d6 3. d4 cxd4 4. Nxd4 Nf6 5. Nc3 Nc6 6. Bg5 e6 7. Qd2 a6 8. O-O-O Be7 9. Bxf6 gxf6 {[%emt 0:00:04] B66: Sicilian: Richter-Rauzer: 7...a6 8 0-0-0 h6.} 10. f4 Nxd4 11. Qxd4 Qa5 {[%emt 0:00:02] White is slightly better.} 12. Be2 Qc5 13. Qd2 b5 {[%emt 0:00:17] [#]} 14. Bf3 $146 (14. f5 {looks sharper.} Bd7 15. Bh5 b4 16. fxe6 bxc3 17. exd7+ Kxd7 18. Qd5) ({Predecessor:} 14. Kb1 Bb7 15. Bf3 O-O-O 16. Rhe1 f5 17. exf5 Bxf3 18. gxf3 Qxf5 19. a4 Rd7 20. Nxb5 {1-0 (35) Vuelban,V (2271)-Esposti,F (2101) Porto San Giorgio 2019}) 14... Bb7 ({Black should try} 14... b4 $11 15. Ne2 a5) 15. f5 b4 16. Ne2 e5 $1 17. Kb1 a5 18. c3 Bc6 19. Rc1 Qb6 20. Rhd1 (20. Qh6 $16) 20... Ba4 (20... b3 $14) 21. Re1 Kd7 22. Ng3 bxc3 23. Rxc3 (23. Qxc3 d5 24. Bd1 (24. exd5 Rhc8 $15) 24... Bxd1 25. Rexd1 d4 $11) 23... Rhc8 24. Ne2 Bb5 25. Rxc8 {The board is on fire.} (25. Rec1 {is more complex.} Qb7 26. Ka1 a4 27. Bh5) 25... Rxc8 26. Nc3 {[%emt 0:00:04] Prevents d5.} Bc4 (26... Bc6 $142) 27. Be2 $16 Bxe2 28. Rxe2 (28. Nd5 $18 Qc6 29. Qxe2) 28... Bd8 29. a3 Qc5 (29... a4 $16) 30. Qc2 Rb8 31. Ka1 Bb6 (31... Qc4 $142 32. Rd2 h6) 32. Rd2 Qc6 (32... Rc8 $142 33. Qb3 Ke8) 33. Nd5 $18 Qxc2 34. Rxc2 {[%emt 0:00:01][%mdl 4096] Endgame KRB-KRN} ({Don't take} 34. Nxf6+ $6 Ke7 35. Nd5+ (35. Rxc2 $2 Kxf6 36. h4 Rg8 $19) 35... Kf8 36. Rxc2 Bd4) 34... Bd4 35. Nxf6+ Kd8 36. Ka2 {[%emt 0:00:02] Against Rb3} ({Much less strong is} 36. Nxh7 $6 Rb3 37. Ka2 Re3 $18) 36... a4 37. Nxh7 {[%emt 0:00:03] Nf6 is the strong threat.} Rb3 (37... Ke7 $142 38. g4 d5 39. exd5 e4) 38. Nf6 {[%emt 0:00:02] [#] Black must now prevent g4.} Re3 $2 (38... Ke7) 39. h4 Re1 40. g4 d5 41. Nxd5 ({Less strong is} 41. exd5 e4 42. Nh5 Be5 $16) 41... Rxe4 42. Rg2 {[%emt 0:00:03] [#] Threatens to win with h5.} Re1 43. g5 {[%emt 0:00:01] Hoping for h5.} Ke8 44. g6 (44. h5 $142 e4 45. f6) 44... fxg6 45. fxg6 e4 46. g7 Bxg7 47. Rxg7 Kf8 48. Rg3 (48. Rg4 $142 e3 49. Nc3 Ke7 50. Rxa4 Kd7 51. Re4 Rh1 52. a4 Rh3 53. a5) 48... Kf7 49. Re3 Rd1 50. Nc3 Rd2 51. Rxe4 {[%emt 0:00:01] Weighted Error Value: White=0.17 (very precise) /Black=0.38} 1-0

[Event "4th Tata Steel India Blitz Women 2022"]
[Site "Kolkota"]
[Date "2022.12.03"]
[Round "4.3"]
[White "Kulkarni Bhakti"]
[Black "Kiolbasa, Oliwia"]
[Result "0-1"]
[ECO "D02"]
[WhiteElo "2359"]
[BlackElo "2406"]
[Annotator "TA"]
[PlyCount "53"]
[EventDate "2022.11.29"]
[EventType "tourn"]
[EventCountry "IND"]
[SourceTitle "playchess.com"]
[Source "ChessBase"]
[SourceQuality "1"]
[TimeControl "180+2"]

1. d4 d5 2. Nf3 Nf6 3. c3 e6 4. Bf4 c5 5. e3 Bd6 6. Nbd2 {[%emt 0:00:04] D02: 1 d4 d5 2 Nf3 sidelines, including 2...Nf6 3 g3 and 2...Nf6 3 Bf4.} O-O 7. Bg3 Qc7 8. Ne5 {[%emt 0:00:49] The position is equal.} b6 (8... c4 {simplifies} 9. Be2 Nbd7 10. Nxd7 Bxd7 11. Bxd6 Qxd6 12. a4 a6) 9. Bd3 {[%emt 0:00:08] 9.f4 is more fashionable.} Ba6 10. Bc2 {[%emt 0:00:21] [#]} Rc8 $146 ({Predecessor:} 10... Nfd7 11. f4 f5 12. Bh4 Nc6 13. g4 Ndxe5 14. fxe5 Be7 15. Bf2 cxd4 16. exd4 Nxe5 17. gxf5 exf5 {1-0 (44) Duda,J (2757)-Le,T (2501) Chess.com INT 2020}) 11. h4 Nc6 12. Ndf3 Ne4 (12... cxd4 {feels hotter.} 13. exd4 Ne4 14. Ng5 Bxe5 15. dxe5 Nxg3 16. Bxh7+ Kf8) 13. Bh2 $2 {[%emt 0:00:12] [#]} ({White should try} 13. Ng5 $15) 13... f6 (13... cxd4 $1 $19 14. Nxc6 dxc3 15. Bxd6 Qxc6 16. Bxe4 cxb2 17. Bxh7+ Kxh7 18. Qb1+ Kg8 19. Qxb2 Qxd6) 14. Nd3 $2 (14. Nxc6 $15 Bxh2 15. Nxh2) 14... Bxh2 $19 15. Rxh2 cxd4 16. cxd4 {[%emt 0:00:10] [#]} (16. Nf4 dxe3 17. fxe3) 16... Nxd4 $1 17. exd4 Qxc2 18. Qxc2 Rxc2 19. Nb4 Re2+ ({Stronger than} 19... Rxf2 20. Nxa6 Rc8 21. Nb4 $17) 20. Kf1 Rxf2+ 21. Kg1 Bb7 22. b3 Rc8 {[%emt 0:00:06] Strongly threatening ...Rc3.} 23. Ne1 a5 24. Nbd3 Rd2 {[%emt 0:00:01] aiming for ...Ng3.} 25. g4 Rxh2 26. Kxh2 Ba6 27. Rc1 {[%emt 0:00:05] Weighted Error Value: White=0.80/Black=0.30} 0-1

[Event "4th Tata Steel India Blitz Women 2022"]
[Site "Kolkota"]
[Date "2022.12.03"]
[Round "4.4"]
[White "Dzagnidze, Nana"]
[Black "Ushenina, Anna"]
[Result "0-1"]
[ECO "D35"]
[WhiteElo "2517"]
[BlackElo "2454"]
[Annotator "TA"]
[PlyCount "54"]
[EventDate "2022.11.29"]
[EventType "tourn"]
[EventCountry "IND"]
[SourceTitle "playchess.com"]
[Source "ChessBase"]
[SourceQuality "1"]
[TimeControl "180+2"]

1. c4 e6 2. Nc3 d5 3. d4 Be7 4. cxd5 exd5 5. Bf4 Nf6 6. e3 Bf5 $1 {[%emt 0:00:01][%mdl 4] is now more promising than 6...0-0.} 7. Qb3 Nc6 8. Rc1 {[%emt 0:00:10] D35: Queen's Gambit Declined: Exchange Variation.} Na5 9. Qd1 c6 10. Nf3 {[%emt 0:00:04] The position is equal.} O-O {[%emt 0:00:02] [#]} 11. Be2 $146 ({Predecessor:} 11. Ne5 Nd7 12. Bd3 Bxd3 13. Nxd3 Nc4 14. O-O Re8 15. Na4 Nd6 16. Qb3 b5 17. Nac5 Nxc5 18. Nxc5 {1-0 (50) Zhao,J (2611)-Li,Y (2435) Tianjin 2018}) 11... Nc4 12. Bxc4 dxc4 13. Ne5 Nd5 14. Nxc4 Nxc3 15. bxc3 (15. Rxc3 $11 {remains equal.} Bb4 16. O-O) 15... Qd5 $17 16. Qe2 (16. Ne5 $142) 16... Qxg2 {[%emt 0:00:03] Black is more active.} 17. Kd2 {[%emt 0:00:03][%cal Oe3e4] [#]} Qd5 {[%emt 0:00:13] Against e4} 18. f3 {[%emt 0:00:10] aiming for e4.} Be6 {[%emt 0:00:03] This pair of bishops is nice.} 19. Ne5 Qxa2+ 20. Rc2 Qa5 (20... Qa3 $19 {is more deadly. Hoping for ...c5.} 21. Rg1 g6) 21. Rg1 (21. Rb1 $17) 21... Bf5 ({Better is} 21... Rfd8 $19 {Strongly threatening ...f6.} 22. Rb2 (22. Qg2 $2 g6 $17) 22... Bf6) 22. e4 $15 {[%emt 0:00:04] [#] Against f6} Bg6 (22... Rfd8 $1 $15 23. Ke3 (23. exf5 Rxd4+ 24. Ke3 Rd5 $17) 23... Be6) 23. h4 (23. Rb1 $11) 23... Rfd8 (23... Rad8 $17 24. Ke3 Qa3) 24. Be3 {[%emt 0:00:06][%mdl 8192] White does not recover from this.} Qxe5 $19 {[%emt 0:00:05] Black is clearly winning.} 25. Qg2 Bxh4 26. Rb2 b5 27. Kc1 Qe6 {[%emt 0:00:08] Weighted Error Value: White=0.56/Black=0.29 (precise)} 0-1

[Event "4th Tata Steel India Blitz Women 2022"]
[Site "Kolkota"]
[Date "2022.12.03"]
[Round "4.5"]
[White "Koneru, Humpy"]
[Black "Harika, Dronavalli"]
[Result "0-1"]
[ECO "B07"]
[WhiteElo "2574"]
[BlackElo "2507"]
[Annotator "TA"]
[PlyCount "72"]
[EventDate "2022.11.29"]
[EventType "tourn"]
[EventCountry "IND"]
[SourceTitle "playchess.com"]
[Source "ChessBase"]
[SourceQuality "1"]
[TimeControl "180+2"]

1. d4 d6 2. Nf3 g6 3. e4 Bg7 4. Bd3 Nf6 5. O-O O-O 6. h3 Nc6 7. c3 e5 8. Be3 Nh5 9. Re1 h6 {[%emt 0:00:13] 9...Nf4 is vanishing. B07: Pirc Defence: Miscellaneous Systems.} 10. Nbd2 Nf4 11. Bf1 (11. Bxf4 {simplifies} exf4 12. b4 Ne7 13. Rb1) 11... g5 {[%emt 0:00:02] White is slightly better.} 12. dxe5 dxe5 13. Bc5 Re8 14. Nc4 Qf6 {[%emt 0:00:53] [#]} 15. Ne3 $146 {[%emt 0:00:15] Inhibits g4.} ({Predecessor:} 15. Nh2 Be6 16. Ne3 Rad8 17. Qc2 h5 18. Rad1 b6 19. Ba3 Ne7 20. Bxe7 Qxe7 21. Nf5 Qf6 22. g3 Ng6 23. Be2 Bxf5 24. exf5 Ne7 25. Bxh5 Qxf5 26. Qxf5 {½-½ (26) Margl,R (2293)-Galyas,M (2448) Ajka 2021}) 15... Be6 16. Nd5 Bxd5 17. exd5 Rad8 18. c4 e4 {[%emt 0:00:03] Prevents g3.} 19. Nd2 Qxb2 (19... b6 $11 20. Ba3 Nd4) 20. Rb1 $16 {[%emt 0:00:07][%mdl 64] Skewer} Qxa2 21. Nxe4 $2 ({Reject} 21. Rxe4 $6 Rxe4 22. Nxe4 Na5 $11) (21. Rxb7 $16 f5 22. Rxc7) 21... b6 $17 22. g3 Ng6 $36 {[%emt 0:00:07][%mdl 2048] White is under pressure. Black is much more active. Pair of Knights!} (22... Nxh3+ {simplifies} 23. Bxh3 bxc5 24. Bf1 Ne5) 23. Bb4 (23. Re2 $1 $11 {keeps the balance.} Qa6 24. Bb4) 23... Nxb4 24. Rxb4 Qa3 (24... f5 $17 25. Re2 Qa3) 25. Rb3 (25. Ra4 $11 Qf8 26. Rxa7) 25... Qa2 (25... Qf8 $17) 26. Rbe3 {[%emt 0:00:02] Nc3 is the strong threat.} Kh8 $2 {[%emt 0:00:02] [#]} (26... Re5 $11) 27. Bg2 $2 (27. Nxg5 $1 $18 Rf8 28. Qh5) 27... a5 $2 (27... Qxc4 $2 28. Nd6 $1 cxd6 29. Rxe8+ Rxe8 30. Rxe8+ Kh7 31. Ra8 $18) (27... Re5 $11) 28. Qf3 $2 (28. Nc3 $18 Bxc3 29. Rxe8+ Rxe8 30. Rxe8+ Kg7 31. Be4) 28... Rf8 $11 (28... Qxc4 $2 29. Nxg5 $1 Rf8 30. Nxf7+ Kg8 31. Nxd8 Rxf3 32. Bxf3 $18) (28... Ne5 $2 29. Qf5 Qc2 30. Nd6 $1 (30. Rc3 Qb2 $16) 30... Qxf5 31. Nxf5 $18) 29. Nf6 (29. Bf1 $11) 29... Qb2 ({Black should try} 29... Qxc4 $15 30. Qf5 Bxf6 31. Qxf6+ Kg8) 30. Nh5 $1 a4 31. R1e2 Qa1+ 32. Kh2 Ra8 $2 {[%emt 0:00:02] [#]} (32... Qd1 $11 {and Black stays safe.}) 33. d6 $2 ({Only move:} 33. Qf5 $1 $18) 33... cxd6 34. Nxg7 (34. Qf5 $5 Rac8 35. Bd5 $11) 34... Kxg7 35. Ra3 Qd4 36. Qc6 {[%emt 0:00:09] Prevents Rfe8.} (36. Rd3 $11 Qc5 37. Rd5) 36... Ra5 {[%emt 0:00:02] What a bad dream for White.   Weighted Error Value: White=0.55/Black=0.52} ({Not} 36... Ne5 37. Qd5 Qxd5 38. Bxd5) 0-1

[Event "4th Tata Steel India Blitz Women 2022"]
[Site "Kolkota"]
[Date "2022.12.03"]
[Round "5.1"]
[White "Savitha Shri B"]
[Black "Koneru, Humpy"]
[Result "0-1"]
[ECO "C42"]
[WhiteElo "2411"]
[BlackElo "2574"]
[Annotator "TA"]
[PlyCount "112"]
[EventDate "2022.11.29"]
[EventType "tourn"]
[EventCountry "IND"]
[SourceTitle "playchess.com"]
[Source "ChessBase"]
[SourceQuality "1"]
[TimeControl "180+2"]

1. e4 e5 2. Nf3 Nf6 3. Nxe5 d6 4. Nf3 Nxe4 5. Nc3 Nxc3 6. dxc3 Be7 7. Be3 Nc6 8. Qd2 Be6 9. O-O-O a6 ({But not} 9... Bxa2 10. b3 $16) 10. Kb1 {[%emt 0:00:05] C42: Petroff Defence: 3 Nxe5 and unusual White 3rd moves.} Qd7 11. Be2 {[%emt 0:00:05] 11.Ng5 is the modern continuation.} Bf6 12. Nd4 {[%emt 0:00:21] White has an edge.} Nxd4 13. Bxd4 Bxd4 {[%emt 0:00:09] [#]} 14. cxd4 $146 ({Predecessor:} 14. Qxd4 O-O 15. h4 b5 16. Rhe1 a5 17. Bf3 Rab8 18. b3 Qd8 19. Be4 Rb6 20. g4 {½-½ (40) Juras,Z (2361)-Solf,F (2357) GER email 2018}) 14... O-O 15. d5 Bf5 16. g4 (16. Rhg1 $11 {remains equal.}) 16... Bxg4 $17 17. Rhg1 {[%emt 0:01:06] [#]} f5 (17... Bf5 $1 $17 18. h4 g6) 18. f3 $11 Bh5 19. Qg5 {[%emt 0:00:01] Prevents g6.} (19. Rg5 $11 {keeps the balance.} Bg6 20. Bd3) 19... Bg6 20. Bd3 Rae8 21. h4 {[%emt 0:00:10] h5 is the strong threat.} Qf7 {[%emt 0:00:23] Inhibits h5.} 22. h5 Bxh5 23. Bxf5 {[%emt 0:00:01][%mdl 64] Black must now prevent Be6.} Kh8 {[%emt 0:00:05] aiming for ...Re5.} 24. Be6 Qg6 (24... Qxf3 $2 25. Qxg7#) 25. Qh4 Qh6 $36 {[%emt 0:00:01][%mdl 2048] Black is in control.} 26. Rde1 Bg6 ({Inferior is} 26... Rxf3 27. Qc4 $15) (26... Bxf3 $17 27. Qc4 c6) 27. Qg3 $15 {[%emt 0:00:10] Hoping for Rh1.} Rf6 (27... Qd2 $2 28. Re2 Qf4 29. Qxf4 Rxf4 {[#]} 30. Rxg6 $1 $18 ) 28. Bd7 $2 {[%emt 0:00:06] This costs White the game.} (28. a3 $15) 28... Ref8 29. Bg4 Qf4 30. Qh3 (30. Qxf4 $17 Rxf4 31. b3) 30... h6 31. Be6 (31. Qg2 $142) 31... Kh7 ({Less strong is} 31... Qxf3 32. Qxf3 Bxc2+ 33. Kxc2 $16) 32. Qg2 (32. Rg3 $142 Qd2 33. Rc1) 32... Qxf3 $19 33. Qd2 Qf2 34. Qc3 (34. Qc1 $142) 34... c5 35. a4 Rf3 36. Qc4 b5 37. axb5 axb5 38. Qe2 Qxe2 39. Rxe2 Rf1+ 40. Rxf1 Rxf1+ {[%emt 0:00:02][%mdl 4096] Endgame KRB-KRB} 41. Ka2 h5 42. Bd7 b4 43. Re6 Rf6 44. Re2 Kh6 45. Kb3 h4 46. c3 bxc3 47. bxc3 Bd3 {[%emt 0:00:03] Against Bb5} 48. Rh2 g5 49. Be6 Bf5 50. Rf2 Kg6 51. Bg8 Bd7 (51... h3 $142 52. Rh2 g4) 52. Bh7+ Kg7 {[%emt 0:00:01] Black mates.} 53. Re2 Kxh7 54. Re7+ Kg6 55. Rxd7 h3 56. Kc4 h2 {[%emt 0:00:02] Weighted Error Value: White=0.60/Black=0.20 (precise)} 0-1

[Event "4th Tata Steel India Blitz Women 2022"]
[Site "Kolkota"]
[Date "2022.12.03"]
[Round "5.2"]
[White "Vaishali, Rameshbabu"]
[Black "Muzychuk, Mariya"]
[Result "1/2-1/2"]
[ECO "D02"]
[WhiteElo "2454"]
[BlackElo "2528"]
[Annotator "TA"]
[PlyCount "70"]
[EventDate "2022.11.29"]
[EventType "tourn"]
[EventCountry "IND"]
[SourceTitle "playchess.com"]
[Source "ChessBase"]
[SourceQuality "1"]
[TimeControl "180+2"]

1. d4 d5 2. Nf3 Nf6 3. Bf4 Bf5 4. e3 e6 5. Bd3 Bd6 {[%emt 0:00:07] The position is equal.} 6. Ne5 {[%emt 0:00:12] D02: 1 d4 d5 2 Nf3 sidelines, including 2...Nf6 3 g3 and 2...Nf6 3 Bf4.} (6. Bxf5 {simplifies} exf5 7. Bxd6 Qxd6 8. O-O) 6... O-O (6... Bxd3 {simplifies} 7. cxd3 Nfd7 8. Nxd7 Qxd7 9. Bxd6 Qxd6 10. Nd2 O-O) 7. O-O Nbd7 8. Bxf5 exf5 {[%emt 0:00:01] [#]} 9. Nd2 $146 ({Predecessor:} 9. Qd3 g6 10. h3 Re8 11. Nxd7 Qxd7 12. Bh6 c6 13. Nd2 Ne4 14. a3 Re6 15. f4 {0-1 (41) Walton,D (1727)-Holton,J (1918) Llandudno 2017}) 9... Qe7 10. Nxd7 Qxd7 11. Qf3 Ne4 (11... Bxf4 {simplifies} 12. Qxf4 Rfe8 13. Rac1 c6) 12. Rfd1 g6 13. Bxd6 Qxd6 14. Nxe4 fxe4 15. Qe2 f5 16. c4 c6 17. Rac1 f4 18. exf4 Rxf4 19. cxd5 cxd5 20. Qe3 Raf8 {[%emt 0:00:02] Hoping for ...Rxf2.} 21. Rc2 Kg7 22. Rdc1 R8f7 ({Much less strong is} 22... Rh4 23. Rc7+ (23. g3 Rh5 $16) 23... Kg8 24. Qg3 $16 (24. Rxb7 $2 {loses.} Qxh2+ 25. Kf1 Qh1+ 26. Ke2 Qxg2 $19)) 23. a3 Qf6 24. Rc7 Qd6 25. Rxf7+ Rxf7 $11 {[%emt 0:00:01][%mdl 4096] Endgame KQR-KQR} 26. Rc5 b6 27. Rc3 Rc7 28. h3 a5 29. Qc1 Rxc3 30. Qxc3 {[%emt 0:00:01] KQ-KQ} h5 31. Qc8 Qf4 32. Qb7+ Kh6 33. Qxb6 Qc1+ 34. Kh2 {[%emt 0:00:01] [#] Black must now prevent Qb8.} Qf4+ 35. Kg1 Qc1+ {[%emt 0:00:01] An uneventful encounter.   Weighted Error Value: White=0.02 (flawless) /Black=0.02 (flawless)} 1/2-1/2

[Event "4th Tata Steel India Blitz Women 2022"]
[Site "Kolkota"]
[Date "2022.12.03"]
[Round "5.3"]
[White "Kiolbasa, Oliwia"]
[Black "Muzychuk, Anna"]
[Result "0-1"]
[ECO "C80"]
[WhiteElo "2406"]
[BlackElo "2525"]
[Annotator "TA"]
[PlyCount "56"]
[EventDate "2022.11.29"]
[EventType "tourn"]
[EventCountry "IND"]
[SourceTitle "playchess.com"]
[Source "ChessBase"]
[SourceQuality "1"]
[TimeControl "180+2"]

1. e4 e5 2. Nf3 Nc6 3. Bb5 a6 4. Ba4 Nf6 5. O-O Nxe4 6. d4 b5 7. Bb3 d5 8. Nxe5 Nxe5 9. dxe5 c6 10. Nd2 {[%emt 0:00:02] C80: Open Ruy Lopez: Sidelines and 9 Nbd2.} Nxd2 11. Bxd2 Be7 12. c3 {[%emt 0:00:10] The position is equal.} Bf5 {[%emt 0:00:02] [#]} 13. f4 $146 ({Predecessor:} 13. Bc2 Qd7 14. Qb1 Bxc2 15. Qxc2 O-O 16. Rae1 Rae8 17. Kh1 Bd8 18. Re3 f6 19. exf6 Bxf6 {0-1 (68) Peng,H (2141)-Gao,R (2543) China 2017}) 13... Qd7 14. Be3 O-O 15. a4 f6 16. Bd4 fxe5 17. Bxe5 Be4 (17... Rae8 $11) 18. Qd4 (18. axb5 $14 axb5 19. Qd4 Rxa1 20. Rxa1) 18... bxa4 $11 19. Rxa4 (19. Qxa4 {is interesting.} Bc5+ 20. Kh1 Rf7 21. Rae1) 19... Rf7 (19... Qb7 $5 20. Qd1 Kh8 $11) 20. Qe3 {[%emt 0:00:27] Black must now prevent Rxe4.} (20. Kh1 {looks sharper.} Bf6 21. Bxf6 gxf6 22. Bd1) 20... Bf5 (20... Qg4 $2 21. Rxe4 dxe4 22. Qxe4 $18) 21. Rfa1 Qb7 22. c4 h6 23. cxd5 cxd5 24. Rd1 (24. Qf3 {is more complex.} Be4 25. Rxe4 dxe4 26. Bxf7+ Kxf7 27. Qg4) 24... Be6 {[%emt 0:00:02][%cal Od5d4] [#] Threatens to win with ...d4!} 25. Bxg7 Kxg7 $17 26. Qxe6 (26. f5 $17 Bxf5 27. Bxd5) 26... Qxb3 $19 ({Avoid the trap} 26... Bc5+ $2 27. Kh1 Qxb3 28. Raa1 $19) 27. Rad4 (27. Rda1) 27... Bc5 28. Qe5+ Kh7 {[%emt 0:00:01] Weighted Error Value: White=0.76/Black=0.12 (very precise)} 0-1

[Event "4th Tata Steel India Blitz Women 2022"]
[Site "Kolkota"]
[Date "2022.12.03"]
[Round "5.4"]
[White "Ushenina, Anna"]
[Black "Kulkarni Bhakti"]
[Result "1/2-1/2"]
[ECO "D31"]
[WhiteElo "2454"]
[BlackElo "2359"]
[Annotator "TA"]
[PlyCount "82"]
[EventDate "2022.11.29"]
[EventType "tourn"]
[EventCountry "IND"]
[SourceTitle "playchess.com"]
[Source "ChessBase"]
[SourceQuality "1"]
[TimeControl "180+2"]

1. d4 d5 2. c4 e6 3. Nc3 a6 4. cxd5 exd5 5. Bf4 Nf6 6. e3 {[%emt 0:00:05] D31: Queen's Gambit Declined: Semi-Slav without ...Nf6 (+ Marshall Gambit and Noteboom) and Exchange Variation lines without ...Nf6.} Bd6 7. Bg5 c6 8. Bd3 {[%emt 0:00:04] The position is equal.} h6 9. Bh4 Be6 10. Nge2 Nbd7 11. h3 Qc7 12. Qc2 Nh5 {[%emt 0:00:20] [#]} 13. f4 $146 {[%emt 0:00:10] Against g5} ({Predecessor:} 13. Bf5 Bxf5 14. Qxf5 g6 15. Qf3 Ng7 16. e4 dxe4 17. Qxe4+ Kf8 18. O-O Nf5 19. Bg3 {1-0 (42) Jubin,J (2259)-Majumder,S (1808) Chennai 2022}) 13... g5 $1 {[%emt 0:00:22] Prevents f5.} 14. fxg5 Ng3 {[%emt 0:00:28] Prevents g6.} 15. Rg1 hxg5 (15... Nxe2 $11 16. Nxe2 (16. Kxe2 Be7 $15) 16... Be7) 16. Bxg5 $16 Rg8 17. Bf4 Nxe2 18. Nxe2 Qa5+ 19. Kd1 (19. Kf2 {with more complications.} Qc7 20. a4 Nf6 21. Qc5) 19... Qc7 20. Qd2 O-O-O 21. Bxd6 Qxd6 {[%emt 0:00:02] [#]} 22. Kc2 $1 c5 {[%emt 0:00:08] And now ...c4 would win.} 23. Raf1 Kb8 24. Kb1 Rc8 25. Bf5 (25. g4 $16) 25... Nb6 $11 26. dxc5 Rxc5 (26... Nc4 $1 $14 27. Qd4 Qxc5 28. Qxc5 Rxc5) 27. Qd4 (27. Bd3 $16) 27... Rgc8 {[%emt 0:00:05] [#]} (27... Rc4 $11 28. Qd2 Bxf5+ 29. Rxf5 Rgc8) 28. Bxe6 $2 ({Better is} 28. Bd3 $1 $16) 28... fxe6 $15 29. Qf4 (29. Rc1 $11) 29... e5 $17 30. Qf6 Qc7 {[%emt 0:00:00] Hoping for ...Nc4.} 31. Rc1 {[%emt 0:00:03] Strongly threatening Rxc5.} Nc4 {[%emt 0:00:01] ( -> ...Nd2+)} (31... Ka7 {keeps more tension.} 32. Nc3 Na4 33. Qf2 Nxc3+ 34. bxc3 Rxc3 35. Qb2 d4) 32. Ka1 Nxe3 (32... Rc6 $15 33. Qf5 Nxe3 34. Rxc6 bxc6) 33. Rxc5 $14 Qxc5 34. Qxe5+ Ka8 35. a3 (35. Qc3 {simplifies} Nc2+ 36. Kb1 Na3+ 37. Qxa3 Qc2+ 38. Ka1) 35... Nc2+ 36. Kb1 $1 ({Wrong is} 36. Ka2 $2 Qc4+ 37. b3 Qc5 $19) 36... Qc4 {[%emt 0:00:02][%cal Oc2a3] aiming for ...Nxa3+!} 37. Rc1 (37. Qc3 $11 Nxa3+ 38. Kc1) 37... Qd3 {[%emt 0:00:02][%mdl 1024] Black has compensation.} (37... d4 $5 38. Qe4 Nxa3+ 39. bxa3 Qb3+ 40. Ka1 Qxa3+ 41. Kb1 Qb4+ 42. Ka1 Qa4+ 43. Kb1 Qb5+ 44. Ka1 Qa4+ 45. Kb1 Qb5+ 46. Ka1 Qa4+ $15) 38. Ka2 Qc4+ 39. Kb1 Qd3 {[%emt 0:00:01] Against Qc3} (39... d4 $5 40. Qe4 Nxa3+ 41. bxa3 Qb3+ 42. Ka1 Qxa3+ 43. Kb1 Qb4+ 44. Ka1 Qa4+ 45. Kb2 Re8 $15) 40. Ka2 Qc4+ 41. Kb1 Qd3 {[%emt 0:00:00] Inhibits Qc3.   Weighted Error Value: White=0.24 (precise) /Black=0.21 (precise)} (41... d4 $5 42. Qe4 Nxa3+ 43. bxa3 Qb3+ 44. Ka1 Qxa3+ 45. Kb1 Qb4+ 46. Ka1 Qa4+ 47. Kb1 Qb3+ 48. Ka1 Qa4+ 49. Kb1 Qb5+ 50. Ka1 Qa4+ $15) 1/2-1/2

[Event "4th Tata Steel India Blitz Women 2022"]
[Site "Kolkota"]
[Date "2022.12.03"]
[Round "5.5"]
[White "Harika, Dronavalli"]
[Black "Dzagnidze, Nana"]
[Result "1/2-1/2"]
[ECO "A33"]
[WhiteElo "2507"]
[BlackElo "2517"]
[Annotator "TA"]
[PlyCount "77"]
[EventDate "2022.11.29"]
[EventType "tourn"]
[EventCountry "IND"]
[SourceTitle "playchess.com"]
[Source "ChessBase"]
[SourceQuality "1"]
[TimeControl "180+2"]

1. c4 c5 2. Nf3 Nf6 3. Nc3 Nc6 4. d4 cxd4 5. Nxd4 e6 6. g3 Qb6 7. Nb3 {[%emt 0:00:15] 7.Ndb5 might become the main line.} Bb4 8. Bg2 O-O {[%emt 0:00:07][%cal Od7d5] A33: Symmetrical English: 2 Nf3 Nf6 3 d4 cxd4 4 Nxd4 e6 5 Nc3 Nc6.} 9. O-O $1 Bxc3 10. bxc3 d5 {[%emt 0:00:00] White is slightly better.} 11. cxd5 exd5 12. Be3 {[%emt 0:00:15] This pair of bishops is nice.} (12. Bxd5 Nxd5 13. Qxd5 Be6 $11) (12. Bg5 $16) 12... Qc7 {[%emt 0:00:10] [#]} 13. Rc1 $146 ({Reject} 13. Bxd5 Rd8 14. c4 Bh3 $11) (13. Bg5 $5 ) ({Predecessor:} 13. Bg5 Ne4 14. Qxd5 Nxc3 15. Qc4 Qe5 16. f4 Qe3+ 17. Kh1 Be6 18. Qc5 Qxc5 19. Nxc5 Nxe2 20. Nxb7 {1-0 (43) Akbas,U (2141)-Nguyen,N (2641) Chess.com INT 2021}) 13... h6 14. Bd4 ({Don't play} 14. Bxd5 Rd8 15. c4 Nxd5 16. cxd5 Bh3 $11) 14... Nxd4 15. cxd4 Qe7 16. Re1 Bf5 17. Qd2 Rac8 18. Qa5 (18. Qb2 $11) 18... b6 $15 19. Qa6 Ne4 20. h3 h5 21. h4 Rfe8 {[%emt 0:00:06][%cal Oe4f2] Threatens to win with ...Nxf2!} 22. e3 Red8 23. Qe2 (23. Bf3 {is interesting.} g6 24. Bxe4 Qxe4 25. Nd2) 23... Bg6 ({Better is} 23... Qa3 $15) 24. Qb2 Qb4 25. Rf1 (25. Bh3 $11 Rc4 26. Bf1) 25... a5 $17 {[%emt 0:00:03] White must now prevent ...a4.} 26. Rxc8 $2 (26. a3 $17 Qb5 27. Bxe4 Bxe4 28. Qa2) 26... Rxc8 $19 27. Rc1 {[%emt 0:00:12] Inhibits a4.} Rxc1+ 28. Qxc1 a4 (28... Nc3 $142 {And now ...Ne2+ would win.} 29. Kh2 Nxa2 30. Qc8+ Kh7) 29. Bxe4 Bxe4 {[%emt 0:00:06][%mdl 4096] Endgame KQB-KQN} 30. Nd2 Bf5 ({Black should play} 30... Bg6 $19 {...a3 is the strong threat.} 31. Kh2 Qb5) 31. a3 $17 Qd6 (31... Qb5 $1 $17 {Hoping for ...Qd3.} 32. Qc7 f6) 32. Nf3 (32. Nb1 $1 $11) 32... f6 33. Qb2 {[%emt 0:00:02] [#]} (33. Nd2 $17) 33... Kh7 (33... Qc6 $1 $19 {has better winning chances. Strongly threatening ...Kh7.} 34. Nd2 Bd3) 34. Qc1 {[%emt 0:00:02] [#]} (34. Ne1 $17) 34... Be4 ({Black should try} 34... Qd7 $1 $19 {aiming for ...Qb5.} 35. Nd2 Qb5) 35. Nd2 Bd3 36. Qd1 Qxa3 (36... Qc6 $1 $15 37. Qxh5+ Kg8) 37. Qxh5+ $11 {[%emt 0:00:00] The position is equal.} Kg8 38. Qe8+ Kh7 39. Qh5+ {[%emt 0:00:04] Weighted Error Value: White=0.35/Black=0.28 (precise)} 1/2-1/2